 Dungeon Crawl Stone Soup version 0.15.0-11-g6f4f891 (webtiles) character file.

174 Kashira the Sneak (level 5, -2/42 HPs)
             Began as a Naga Enchanter on Aug 31, 2014.
             Slain by an orc wizard
             ... wielding a +0 dagger
              (5 damage)
             ... on Level 4 of the Dungeon.
             The game lasted 00:16:13 (2808 turns).

Kashira the Sneak (Naga Enchanter)                  Turns: 2808, Time: 00:16:13

HP  -2/42        AC  5     Str 15      XL: 5   Next: 54%
MP   2/10        EV 10     Int 16      God:
Gold 184         SH  0     Dex 12      Spells:  4 memorised,  0 levels left

rFire  . . .     SeeInvis +     h - -2 dagger (curse)
rCold  . . .     Clarity  .     i - +0 leather armour
rNeg   . . .     rCorr    +     (no shield)
rPois  +         rRot     .     m - +0 helmet
rElec  .         Spirit   .     (no cloak)
SustAb .         Warding  .     j - +0 pair of gloves
rMut   .         Stasis   .     (no barding)
Gourm  .                        p - cursed amulet of resist corrosion
MR     .....                    (no ring)
                                (no ring)

@: mighty, short of breath, very slightly contaminated, very slow, not resistant
to hostile enchantments, fairly stealthy
A: spit poison, see invisible, deformed body, poison resistance, slowness 2, AC
+1
a: Spit Poison


You were on level 4 of the Dungeon.
You were not hungry.

You visited 1 branch of the dungeon, and saw 4 of its levels.

You collected 184 gold pieces.

Inventory:

Hand weapons
 a - a +1 dagger
 h - a cursed -2 dagger (weapon)
 t - a +0 dagger of holy wrath
Missiles
 r - 2 tomahawks (quivered)
Armour
 b - a +1 robe
 i - a +0 leather armour (worn)
 j - a +0 pair of gloves (worn)
 m - a +0 helmet (worn)
Comestibles
 d - 3 bread rations
 l - 7 fruits
Scrolls
 g - a scroll of remove curse {unknown}
 k - 5 scrolls of identify {unknown}
 n - a scroll of teleportation {unknown}
 u - a scroll of immolation {unknown}
Jewellery
 p - a cursed amulet of resist corrosion (around neck)
 v - an uncursed amulet of stasis {unknown}
Potions
 e - a potion of poison {unknown}
 f - 2 potions of magic {unknown}
 o - a potion of restore abilities
 q - a potion of might
 s - a potion of curing {unknown}
 w - a potion of invisibility {unknown}
Books
 c - a book of Maledictions

   Spells                             Type                      Level
   *Corona                            Hexes                        1
   Sure Blade                         Hexes/Charms                 2
   *Ensorcelled Hibernation           Hexes/Ice                    2
   *Confuse                           Hexes                        3
   *Dazzling Spray                    Conjuration/Hexes            3
   Enslavement                        Hexes                        4


   Skills:
 + Level 1.2 Short Blades
 + Level 1.2 Armour
 + Level 2.4 Dodging
 + Level 5.5 Stealth
 + Level 2.9 Spellcasting
 + Level 3.9 Hexes
 + Level 0.2 Ice Magic


You couldn't memorise any spells.
You knew the following spells:

 Your Spells              Type           Power        Failure   Level  Hunger
a - Corona                Hex            ##.....      4%          1    #......
b - Confuse               Hex            ##......     12%         3    ###....
c - Ensorcelled Hibernat  Hex/Ice        #.....       14%         2    ##.....
d - Dazzling Spray        Conj/Hex       #.......     28%         3    ###....


Dungeon Overview and Level Annotations

Branches:
Dungeon (4/15)
 Temple: D:4-7

Altars:
Dithmenos
Xom


Innate Abilities, Weirdness & Mutations

You cannot wear boots.
You can spit poison.
Your serpentine skin is tough (AC +1).
You have supernaturally acute eyesight.
Armour fits poorly on your strangely shaped body.
Your system is resistant to poisons.
You cover ground very slowly.


Message History

The orc wizard casts a spell at you. The magic dart hits you!
* * * LOW HITPOINT WARNING * * *
The orc wizard closely misses you.
You closely miss the orc wizard.
The orc wizard is moderately wounded.
The orc wizard is no longer blind.
The orc wizard hits you but does no damage.
You barely miss the orc wizard.
The orc wizard is severely wounded.
The orc wizard hits you but does no damage.
The orc wizard hits you with a dagger.
* * * LOW HITPOINT WARNING * * *
Use which ability? (? or * to list)
Okay, then.
Casting: Dazzling Spray
Confirm with . or Enter, or press ? or * to list all spells.
You don't have enough magic to cast that spell.
The orc wizard hits you with a dagger.
You die...

#........
##+######+#........ ...
#...........#+#.... ....
+.).........'.+....
.....###....).)....#'#....
#...%..#+##+#...........
+......+ +...........
#+#......####+#.....(.....
.........@................
.......ooo.........<......
.......)......#+###+#....
#####.....#'### ....
#.....'... ....
#.....##'## ... ..#.... .
#..#..... ..+.....


You could see 2 orc wizards and an orc.

Vanquished Creatures
  An iguana (D:4)
  2 orc wizards
  4 adders
  8 orcs
  2 ball pythons (D:2)
  5 bats
  4 giant cockroaches
  5 goblins (D:1)
  8 hobgoblins
  7 jackals
  A giant gecko (D:2)
  2 giant newts (D:2)
  3 kobolds
  8 rats
60 creatures vanquished.

Notes
Turn   | Place    | Note
--------------------------------------------------------------
     0 | D:1      | Kashira, the Naga Enchanter, began the quest for the Orb.
     0 | D:1      | Reached XP level 1. HP: 15/15 MP: 3/3
   343 | D:1      | Reached XP level 2. HP: 19/22 MP: 1/4
  1073 | D:2      | Reached XP level 3. HP: 28/28 MP: 6/6
  1108 | D:2      | Learned a level 3 spell: Confuse
  1127 | D:2      | Learned a level 2 spell: Ensorcelled Hibernation
  1141 | D:2      | Found a shimmering altar of Xom.
  1412 | D:2      | Reached XP level 4. HP: 30/36 MP: 5/8
  1618 | D:3      | Reached skill level 5 in Stealth
  2042 | D:3      | Reached skill level 1 in Armour
  2310 | D:3      | Found a shadowy altar of Dithmenos.
  2455 | D:3      | Reached XP level 5. HP: 40/42 MP: 6/9
  2721 | D:4      | Learned a level 3 spell: Dazzling Spray
  2808 | D:4      | Slain by an orc wizard

Action                   |  1- 3 |  4- 6 || total
-------------------------+-------+-------++-------
Melee: Dagger            |    66 |    49 ||   115
 Cast: Corona            |    10 |       ||    10
       Confuse           |     5 |    12 ||    17
       Ensorcelled Hiber |       |     1 ||     1
       Dazzling Spray    |       |     2 ||     2
 Abil: Spit Poison       |    43 |    34 ||    77
  Use: Potion            |       |     3 ||     3
       Scroll            |       |     1 ||     1
 Stab: Confused          |     2 |     2 ||     4
       Sleeping          |       |     1 ||     1
  Eat: Chunk             |     4 |     9 ||    13
